 Dungeon Crawl Stone Soup version 0.22-a0-525-gf69a080 (webtiles) character file.

141 iamserjio the Insei (level 5, -3/37 HPs)
             Began as an Octopode Chaos Knight on June 20, 2018.
             Slain by an orc warrior
             ... wielding a +0 flail
              (21 damage)
             ... on level 4 of the Dungeon.
             The game lasted 00:06:15 (2855 turns).

iamserjio the Insei (Octopode Chaos Knight)         Turns: 2855, Time: 00:06:16

Health: -3/37      AC:  3    Str: 11    XL:     5   Next: 24%
Magic:  5/5        EV: 14    Int: 15    God:    Xom [....*.]
Gold:   113        SH:  0    Dex: 12    Spells: 4/4 levels left

rFire    . . .     SeeInvis .     - Unarmed
rCold    . . .     Gourm    .   (no shield)
rNeg     . . .     Faith    .   (helmet restricted)
rPois    .         Spirit   .   h - amulet of rage
rElec    .         Reflect  .   t - ring of teleportation
rCorr    .         Harm     .   (no ring)
MR       +....     Rnd*Tele +   (no ring)
Stlth    +++.......             (no ring)
HPRegen  0.12/turn              (no ring)
MPRegen  0.09/turn              (no ring)
                                (no ring)
                                (no ring)

@: about to teleport, cleaving
A: almost no armour, stealthy swim, amphibious, 8 rings, constrict 8, iridescent
scales 1, camouflage 1, magic resistance 1, gelatinous body 1
a: Renounce Religion, Evoke Berserk Rage


You were on level 4 of the Dungeon.
You worshipped Xom.
You were a beloved toy of Xom.
You were not hungry.

You visited 1 branch of the dungeon, and saw 5 of its levels.

You collected 113 gold pieces.

Inventory:

Missiles
 c - 55 stones (quivered)
Armour
 d - a +0 buckler
Jewellery
 h - an amulet of rage (around mantle)
 t - a ring of teleportation (left tentacle)
Wands
 r - a wand of paralysis (16)
Scrolls
 b - a scroll of blinking {unknown}
 e - a scroll of teleportation
 f - a scroll of amnesia {unknown}
 j - a scroll of remove curse {@r2}
 k - 2 scrolls of enchant armour {unknown}
 m - a scroll of random uselessness {unknown}
 o - 2 scrolls of identify {unknown}
 p - a scroll of fog {unknown}
Potions
 i - a potion of heal wounds {unknown}
 l - 2 potions of mutation {unknown}
 n - a potion of flight {unknown}
 q - a potion of lignification {unknown}
 s - a potion of haste {unknown}
Comestibles
 a - 6 rations
 g - a chunk of flesh


   Skills:
 + Level 3.7 Fighting
 + Level 3.1 Dodging
 + Level 2.8 Stealth
 * Level 4.3 Unarmed Combat


You had 4 spell levels left.
You didn't know any spells.
Your spell library contained the following spells:

 Spells                   Type           Power        Failure   Level  Hunger
 Spider Form              Tmut/Pois      #.........   63%         3    ####...
 Blade Hands              Tmut           #.........   100%        5    ######.
 Ice Form                 Ice/Tmut       #.......     95%         4    #####..
 Sticks to Snakes         Tmut           #.......     38%         2    ###....
 Beastly Appendage        Tmut           #.....       26%         1    ##.....


Dungeon Overview and Level Annotations

Branches:
Dungeon (5/15)
 Temple: D:4-7

Altars:
Xom


Innate Abilities, Weirdness & Mutations

You cannot wear most types of armour.
You are very stealthy in the water. (Stealth+)
You are amphibious.
You can wear up to eight rings at the same time.
You can use your tentacles to constrict eight enemies at once.
Your skin changes colour to match your surroundings (Stealth+).
Your rubbery body absorbs attacks. (AC +1, EV +1)
You are partially covered in iridescent scales. (AC +2)
You are resistant to hostile enchantments. (MR+)


Message History

A door slams shut!
A gnoll opens the door.
You are suddenly yanked towards some nearby monsters!
Your surroundings suddenly seem different.
Xom roars with laughter!
A gnoll comes into view. It is wielding a flail.
A gnoll shaman comes into view. It is wielding a club.
An orc warrior comes into view.
It is wielding a flail. "Go forth and cause havoc, mortal!"
Your tentacles look sharp.
The orc warrior shouts!
You hear a shout!
Found 20 stones.
An orc comes into view. It is wielding a mace.
Found 10 gold pieces.
As you read the scroll of teleportation, it crumbles to dust.
You feel strangely unstable. The orc warrior hits you with a flail!!
Ouch! That really hurt!
You die...
Xom roars with laughter!

##+#... #.....# ...# #.....# ...#
##### #.....# ....# #....
####.....#######+##....# #....
.......................######....
.>...............................
.............................####
.$...........o.o@...........
...>###..............##....
....#...#.##########.# ...
....#...#..# # .. ....#...##... #
$...#....##..8 ....#'#..# #..(#
###......## $.o. ..'.......# #..


You could see an orc warrior and an orc.

Vanquished Creatures
  A gnoll (D:4)
  4 adders
  3 worms (D:2)
  2 dart slugs
  A leopard gecko (D:3)
  8 orcs
  7 giant cockroaches
  5 goblins
  6 hobgoblins
  10 jackals
  3 kobolds
  A quokka (D:4)
  A ball python (D:1)
  8 bats
  2 frilled lizards
  7 rats
69 creatures vanquished.

Vanquished Creatures (others)
  A plant (D:5)
1 creature vanquished.

Grand Total: 70 creatures vanquished

Notes
Turn   | Place    | Note
-------+----------+-------------------------------------------
     0 | D:1      | iamserjio the Octopode Chaos Knight began the quest for the Orb.
     0 | D:1      | Reached XP level 1. HP: 16/16 MP: 1/1
    26 | D:1      | XOM: harmless Hex miscast
    42 | D:1      | XOM: potion effect (haste)
    63 | D:1      | XOM: noise
   451 | D:1      | Reached XP level 2. HP: 21/21 MP: 2/2
   465 | D:1      | Reached skill level 1 in Stealth
   577 | D:1      | XOM: god gift: scythe {god gift}
   932 | D:1      | XOM: mild Pois miscast
   962 | D:2      | Reached XP level 3. HP: 21/26 MP: 3/3
  1034 | D:2      | XOM: god gift: fuming yellow potion {god gift}
  1048 | D:2      | XOM: harmless Erth miscast
  1502 | D:2      | Reached XP level 4. HP: 25/31 MP: 4/4
  1518 | D:2      | XOM: 4-stop teleportation journey
  1606 | D:2      | XOM: give mutations
  1606 | D:2      | Gained mutation: You are partially covered in iridescent scales. (AC +2) [Xom's grace]
  1606 | D:2      | Gained mutation: You are resistant to hostile enchantments. (MR+) [Xom's grace]
  1680 | D:2      | XOM: silly message
  1981 | D:2      | XOM: scenery: create altars
  2063 | D:3      | Reached skill level 4 in Unarmed Combat
  2148 | D:3      | XOM: polymorph frilled lizard -> bat
  2226 | D:3      | XOM is BORED!
  2613 | D:5      | Entered Level 5 of the Dungeon
  2712 | D:4      | XOM: 3-stop teleportation journey
  2717 | D:4      | Reached XP level 5. HP: 26/36 MP: 5/5
  2839 | D:4      | XOM: scenery: 1 doors close
  2844 | D:4      | Noticed an orc warrior
  2844 | D:4      | XOM: cleaving
  2855 | D:4      | Slain by an orc warrior

Vault maps used:
D:1:      dpeg_arrival_leaves_temple_mockup
D:4:      portal_sewer_entry_e, guppyfry_early_orc_mine
D:5:      minmay_temple_entry_enclosed_plants, serial_shops, shop, first_ration

Skill      XL: |  1  2  3  4 |
---------------+-------------+-----
Stealth        | 1 2 |  2.8
Unarmed Combat | 4 |  4.3
Dodging        | 3 |  3.1
Fighting       | |  3.7

Action                   |  1- 3 |  4- 6 || total
-------------------------+-------+-------++-------
Melee: Unarmed           |    86 |    90 ||   176
       Constrict         |    20 |    23 ||    43
       Tentacles         |    12 |    21 ||    33
       Punch             |     1 |     1 ||     2
  Use: Scroll            |       |     4 ||     4
 Stab: Sleeping          |    13 |    11 ||    24
  Eat: Chunk             |     2 |     4 ||     6
Armor: Skin              |     8 |    14 ||    22
Dodge: Dodged            |    44 |    65 ||   109

Table legend:
 A = Spawn XP
 B = Non-spawn XP
 C = Spawn XP percentage of total XP
 D = Spawn monster count
 E = Non-spawn monster count
 F = Spawn count percentage of total count
 G = Total turns spent on level
                    A         B        C        D         E        F      G
               +---------+---------+-------+---------+---------+-------+---------
         Total |       0 |     202 |   0.0 |       0 |      69 |   0.0 |  2855
               +---------+---------+-------+---------+---------+-------+---------
           D:1 |       0 |      33 |   0.0 |       0 |      21 |   0.0 |   958
           D:2 |       0 |      65 |   0.0 |       0 |      18 |   0.0 |  1021
           D:3 |       0 |      65 |   0.0 |       0 |      20 |   0.0 |   619
           D:4 |       0 |      39 |   0.0 |       0 |      10 |   0.0 |   159
               +---------+---------+-------+---------+---------+-------+---------
